 Dungeon Crawl Stone Soup version 0.22.1 (webtiles) character file.

946 dvd the Scratcher (level 7, 0/29 HPs)
             Began as a Felid Transmuter on Sept 19, 2018.
             Was a Believer of Uskayaw.
             Slain by an orc warrior
             ... wielding a +0 long sword
              (19 damage)
             ... on level 8 of the Dungeon.
             The game lasted 00:21:59 (8745 turns).

dvd the Scratcher (Felid Transmuter)                Turns: 8745, Time: 00:21:59

Health: 0/29       AC:  2    Str:  7    XL:     7   Next: 89%
Magic:  12/14      EV: 23    Int: 16    God:    Uskayaw [**....]
Gold:   271        SH:  0    Dex: 21    Spells: 8/14 levels left
                                        Lives:  0   Deaths: 2

rFire    + . .     SeeInvis +     - Unarmed
rCold    . . .     Gourm    .   (shield unavailable)
rNeg     . . .     Faith    .   (armour unavailable)
rPois    x         Spirit   .   (helmet unavailable)
rElec    .         Reflect  .   (cloak unavailable)
rCorr    .         Harm     .   (gloves unavailable)
MR       +....                  (boots unavailable)
Stlth    +++.......             (no amulet)
HPRegen  0.09/turn              l - ring of flight
MPRegen  0.14/turn              w - ring of protection from fire

@: spider-form (expiring)
A: tiny, no armour, no weapons or thrown items, stealth, see invisible,
carnivore, slow metabolism 1
a: End Transformation, Stomp, Line Pass, Renounce Religion, Evoke Flight


You were on level 8 of the Dungeon.
You worshipped Uskayaw.
Uskayaw was noncommittal.
You were not hungry.
You were a venomous arachnid creature.
You visited 2 branches of the dungeon, and saw 9 of its levels.

You collected 271 gold pieces.

Inventory:

Missiles
 a - 24 arrows
Jewellery
 l - a ring of flight (left front leg)
 p - an uncursed ring of ice
 w - a ring of protection from fire (right front leg)
Scrolls
 b - 3 scrolls of remove curse
 d - a scroll of magic mapping {unknown}
 e - 4 scrolls of fear {unknown}
 f - a scroll of immolation {unknown}
 g - 2 scrolls of enchant armour {unknown}
 h - 3 scrolls of teleportation {unknown}
 n - 8 scrolls of identify {unknown}
 o - a scroll of fog {unknown}
 q - 2 scrolls of amnesia {unknown}
 r - 2 scrolls of enchant weapon {unknown}
Potions
 i - a potion of curing
 j - 3 potions of haste
 k - 2 potions of agility {unknown}
 m - a potion of magic {unknown}
 s - a potion of might {unknown}
 t - a potion of flight {unknown}
 u - 2 potions of berserk rage {unknown}
Comestibles
 c - 13 rations


   Skills:
 + Level 1.6 Fighting
 + Level 4.4 Dodging
 + Level 3.8 Stealth
 + Level 6.9 Unarmed Combat
 + Level 4.1 Spellcasting
 * Level 6.5 Transmutations
 + Level 2.3 Poison Magic
 * Level 3.9 Invocations


You had 8 spell levels left.
You knew the following spells:

 Your Spells              Type           Power        Failure   Level  Hunger
a - Beastly Appendage     Tmut           ###...       5%          1    None
b - Sticks to Snakes      Tmut           ###.....     8%          2    ##.....
c - Spider Form           Tmut/Pois      ###.......   22%         3    ###....

Your spell library contained the following spells:

 Spells                   Type           Power        Failure   Level  Hunger
 Corona                   Hex            #......      36%         1    None
 Blade Hands              Tmut           ###.......   54%         5    ######.
 Ice Form                 Ice/Tmut       ##......     63%         4    ####...


Dungeon Overview and Level Annotations

Branches:
Dungeon (8/15)             Temple (1/1) D:4
   Lair: D:8-11

Altars:
Cheibriados
Dithmenos
Elyvilon
Fedhas
Gozag
Kikubaaqudgha
Makhleb
Nemelex Xobeh
Okawaru
Qazlal
Ru
Sif Muna
Trog
Uskayaw
Vehumet
Wu Jian
Xom
Yredelemnul
Zin
The Shining One
Lugonu

Shops:
D:7 [

Annotations:
D:4 2 transporters


Innate Abilities, Weirdness & Mutations

You cannot wear armour.
You are incapable of wielding weapons or throwing items.
Your paws allow you to move quietly. (Stealth)
((You have sharp claws.))
((You have razor-sharp teeth.))
You have supernaturally acute eyesight. (SInv)
You are carnivorous and can eat meat at any time.
((You cover ground quickly.))
((You are covered in thick fur. (AC +2)))
You have a slow metabolism.
((Your sharp claws are effective at attacking unaware monsters.))


Message History

You hit the orc warrior but do no damage.
The orc warrior is heavily wounded.
The orc warrior misses you. The orc wizard completely misses you.
Unknown command.
You hit the orc wizard.
The orc wizard is poisoned.
The orc wizard is severely wounded.
Your transformation is almost over.
The orc warrior closely misses you. The orc wizard completely misses you.
You hit the orc.
The orc is heavily wounded.
You kill the orc wizard!
You hit the orc warrior but do no damage.
The orc warrior is almost dead.
An orc comes into view.
You hit the orc warrior but do no damage.
The orc warrior is almost dead.
The orc warrior hits you with a long sword!!
Ouch! That really hurt!
You die...

#. #?# #.#
####.# ....#
#..#
.#####..#####.#
.......os.....#
#####.o#######
#.o# #.)#
#.....o.o#
#........o
########.#


You could see an orc warrior and 2 orcs.

Vanquished Creatures
  An orc warrior (D:6)
  A necrophage (D:7)
  A sky beast (D:7)
  A black bear (D:7)
  2 phantoms
  2 ogres
  3 bullfrogs
  A howler monkey (D:4)
  5 crimson imps
  A centaur zombie (D:7)
  A bullfrog skeleton (D:6)
  A jelly (D:7)
  An orc priest (D:7)
  3 hounds
  4 worker ants
  An iguana (D:7)
  2 orc wizards
  A killer bee zombie (D:4)
  A howler monkey zombie (D:8)
  7 gnolls
  A howler monkey skeleton (D:4)
  9 adders
  2 shadow imps
  4 worms (D:3)
  2 dart slugs
  2 leopard geckos
  13 orcs
  3 giant cockroaches
  5 goblins
  8 hobgoblins
  5 jackals
  9 kobolds
  A quokka (D:2)
  2 bats (D:1)
  3 frilled lizards
  7 rats
116 creatures vanquished.

Vanquished Creatures (collateral kills)
  A centaur skeleton (D:6)
  A gnoll (D:5)
  An orc (D:7)
3 creatures vanquished.

Grand Total: 119 creatures vanquished

Notes
Turn   | Place    | Note
-------+----------+-------------------------------------------
     0 | D:1      | dvd the Felid Transmuter began the quest for the Orb.
     0 | D:1      | Reached XP level 1. HP: 9/9 MP: 4/4
    60 | D:1      | Reached XP level 2. HP: 7/12 MP: 4/6
   703 | D:1      | Learned a level 2 spell: Sticks to Snakes
   760 | D:1      | Reached XP level 3. HP: 13/15 MP: 5/7
  1064 | D:1      | Learned a level 3 spell: Spider Form
  1865 | D:2      | Found a sparkling altar of Nemelex Xobeh.
  1866 | D:2      | Found an opulent altar of Gozag.
  1895 | D:3      | Found a snail-covered altar of Cheibriados.
  1899 | D:3      | Found an iron altar of Okawaru.
  1899 | D:3      | Found a glowing golden altar of the Shining One.
  1906 | D:3      | Found a white marble altar of Elyvilon.
  2001 | D:3      | Reached XP level 4. HP: 19/19 MP: 1/8
  2423 | D:2      | Found an opulent altar of Gozag.
  2434 | D:2      | You fall through a shaft for 2 floors!
  2466 | D:4      | Reached skill level 1 in Stealth
  2632 | D:4      | Reached XP level 5. HP: 22/22 MP: 2/9
  2927 | D:3      | Noticed a moth of wrath
  2930 | D:3      | Found a bloodstained altar of Trog.
  3477 | D:4      | Found a transporter.
  3627 | D:4      | Noticed an ogre
  4075 | D:4      | Gained mutation: You are covered in thick fur. (AC +2)
                  | [Felid growth]
  4075 | D:4      | Reached XP level 6. HP: 23/25 MP: 6/10
  4173 | D:4      | Found a transporter.
  4175 | D:4      | Noticed an ice beast
  4175 | D:4      | Noticed an ice beast
  4175 | D:4      | Noticed an ice beast
  4179 | D:4      | Noticed an ice beast
  4241 | D:4      | Reached skill level 5 in Unarmed Combat
  4241 | D:4      | Reached skill level 1 in Poison Magic
  4447 | D:4      | Found a staircase to the Ecumenical Temple.
  4453 | Temple   | Entered the Ecumenical Temple
  4467 | Temple   | Became a worshipper of Uskayaw the Reveler
  4548 | D:5      | Entered Level 5 of the Dungeon
  4585 | D:5      | Reached * piety under Uskayaw
  5167 | D:5      | Reached ** piety under Uskayaw
  5182 | D:5      | Reached skill level 1 in Invocations
  5339 | D:5      | Reached skill level 5 in Transmutations
  5444 | D:5      | Killed from afar by a shadow imp
  5445 | D:5      | Reached XP level 5. HP: -2/22 MP: 4/10
  5575 | D:5      | Reached XP level 6. HP: 25/25 MP: 8/11
  6221 | D:6      | Found a radiant altar of Vehumet.
  6283 | D:6      | Found an ancient bone altar of Kikubaaqudgha.
  6284 | D:6      | Found a deep blue altar of Sif Muna.
  6292 | D:6      | Identified Sif Muna's Guide on Execration
  6335 | D:6      | Reached XP level 7. HP: 6/28 MP: 8/12
  7425 | D:6      | Found a burning altar of Makhleb.
  7425 | D:6      | Found a shimmering altar of Xom.
  7564 | D:7      | Found a stormy altar of Qazlal.
  7720 | D:7      | Reached *** piety under Uskayaw
  7722 | D:7      | Reached XP level 8. HP: 23/32 MP: 11/14
  8236 | D:7      | Found Zitiel's Antique Armour Shoppe.
  8295 | D:7      | HP: 1/32 [orc priest/flail (6)]
  8309 | D:7      | Killed from afar by an orc priest
  8310 | D:7      | Reached XP level 7. HP: -10/28 MP: 13/13
  8321 | D:7      | Found an ornate altar of the Wu Jian Council.
  8745 | D:8      | Slain by an orc warrior

Skill      XL: |  1  2  3  4  5  6  7  8 |
---------------+-------------------------+-----
Unarmed Combat | 4 5 6 |  6.9
Transmutations | 3 4 5 6 |  6.5
Stealth        | 1 2 3 |  3.8
Dodging        | 3 4 |  4.4
Poison Magic   | 1 2 |  2.3
Invocations    | 1 2 3 |  3.9
Spellcasting   | 3 4 |  4.1
Fighting       | |  1.6

Action                   |  1- 3 |  4- 6 |  7- 9 || total
-------------------------+-------+-------+-------++-------
Melee: Unarmed           |    96 |   226 |   127 ||   449
       Headbutt          |    12 |    14 |     2 ||    28
       Bite              |     5 |    10 |     5 ||    20
       Punch             |       |     1 |     1 ||     2
 Cast: Beastly Appendage |    22 |    13 |     3 ||    38
       Spider Form       |     2 |    29 |    13 ||    44
       Sticks to Snakes  |       |     6 |     3 ||     9
Invok: Stomp             |       |     1 |     3 ||     4
 Abil: End Transformatio |       |     2 |       ||     2
  Use: Potion            |       |     2 |     1 ||     3
       Scroll            |       |     1 |       ||     1
 Stab: Sleeping          |     3 |     3 |     3 ||     9
       Paralysed         |       |       |     2 ||     2
       Distracted        |       |       |     1 ||     1
  Eat: Chunk             |    10 |    19 |     7 ||    36
Armor: Skin              |     7 |     6 |     3 ||    16
Dodge: Dodged            |    76 |   168 |    95 ||   339
